 Dungeon Crawl Stone Soup version 0.31-a0-187-gba352fbbf7 (webtiles) character file.

Game seed: 14757743996836560008

366 qw the Skirmisher (level 6, -2/36 HPs)
             Began as a Deep Elf Hunter on June 22, 2023.
             Shot with an arrow by a centaur (8 damage)
             ... on level 5 of the Dungeon.
             The game lasted 00:01:21 (3586 turns).

qw the Skirmisher (Deep Elf Hunter)                 Turns: 3586, Time: 00:01:22

Health: -2/36      AC:  9    Str: 10    XL:     6   Next: 40%
Magic:  8/8        EV:  9    Int: 14    God:
Gold:   261        SH:  0    Dex: 18    Spells: 5/5 levels left

rFire   . . .        Y - +2 shortbow
rCold   . . .        (shield currently unavailable)
rNeg    . . .        b - +0 scale mail
rPois   .            (no helmet)
rElec   .            g - +2 cloak
rCorr   .            (no gloves)
SInv    .            (no boots)
Will    .....        (no amulet)
Stlth   +            (no ring)
HPRegen 0.26/turn    (no ring)
MPRegen 0.11/turn

%: no passive effects
@: no status effects
A: no striking features
a: no special abilities


You were on level 5 of the Dungeon.
You visited 2 branches of the dungeon, and saw 6 of its levels.

You collected 261 gold pieces.


   Skills:
 - Level 2.6 Fighting
 + Level 9.3 Ranged Weapons
 - Level 1.0 Armour
 - Level 2.4 Dodging
 - Level 1.2 Stealth


You had 5 spell levels left.
You didn't know any spells.
Your spell library was empty.

Inventory:

Hand Weapons
 Y - a +2 shortbow (weapon)
Armour
 b - a +0 scale mail (worn)
 d - a +0 ring mail
 g - a +2 cloak (worn)
 i - a +0 pair of boots
Scrolls
 a - a scroll of identify
 k - a scroll of poison {unknown}
Potions
 c - a potion of heal wounds {unknown}
 e - a potion of resistance {unknown}
 f - a potion of brilliance {unknown}
 h - a potion of enlightenment {unknown}
 j - 3 potions of curing {unknown}

Dungeon Overview and Level Annotations

Branches:
Dungeon (5/15)             Temple (1/1) D:4

Altars:
Ashenzari
Fedhas
Kikubaaqudgha
Makhleb
Nemelex Xobeh
Qazlal
Ru
Sif Muna
Trog
Uskayaw
Vehumet
Wu Jian
Yredelemnul
The Shining One


Message History

Enter note:
Enter note:
Enter note:
Enter note:
Enter note:
Enter note:
Enter note:
Enter note:
Enter note:
Enter note:
Enter note: You shoot an arrow.
The arrow closely misses the white imp.
You shoot an arrow.
The arrow hits the white imp but does no damage.
You shoot an arrow. The arrow hits the white imp!
The white imp is almost dead.
You shoot an arrow. The arrow barely misses the white imp.
You shoot an arrow.
The arrow hits the white imp but does no damage.
The white imp is almost dead.
A centaur comes into view.
The white imp hits you but does no damage.
The centaur wields a +0 shortbow.
The centaur shoots an arrow.
The arrow hits you.
You shoot an arrow. The arrow barely misses the white imp.
The white imp gestures at you. The puff of frost hits you.
You shoot an arrow. The arrow hits the white imp.
You kill the white imp!
The centaur shoots an arrow.
The arrow hits you!
The centaur shoots an arrow.
The arrow hits you!
You shoot an arrow. The arrow hits the centaur.
The centaur is lightly wounded.
The centaur shoots an arrow.
The arrow misses you.
The centaur shoots an arrow.
The arrow hits you.
You shoot an arrow. The arrow hits the centaur!
The centaur is heavily wounded.
The centaur shoots an arrow.
The arrow hits you.
The centaur shoots an arrow.
The arrow hits you!
You die...

#######....##
.........:.#
..........#
.........# ........#
.. .. .......# ... ..
#....# ..######..
#@...# #..#.......
#....#....#.......
#...c#....#.......
#.........#....... .
##...######.......
..###...##.....#.####
.........#.....#>...#
.........#.....+....#
.........#.....#....'


You could see a centaur.

Vanquished Creatures
  A black bear (D:5)
  2 jellies
  An orc priest (D:3)
  6 adders
  2 white imps (D:5)
  An ufetubus (D:4)
  3 worms (D:2)
  4 dart slugs
  9 orcs
  10 ball pythons
  7 bats
  6 endoplasms
  4 giant cockroaches
  5 goblins
  9 hobgoblins
  5 kobolds
  4 quokkas
  4 frilled lizards
83 creatures vanquished.

Notes
Turn   | Place    | Note
-------+----------+-------------------------------------------
     0 | D:1      | qw the Deep Elf Hunter began the quest for the Orb.
     0 | D:1      | Reached XP level 1. HP: 12/12 MP: 3/3
     0 | D:1      | 0 ||| qw: Version: 0.3-a-9-g12657ce
     0 | D:1      | 0 ||| qw: Game counter: 2165
     0 | D:1      | 0 ||| qw: Always use a shield: true
     0 | D:1      | 0 ||| qw: God list: Okawaru
     0 | D:1      | 0 ||| qw: Allow faded altars: false
     0 | D:1      | 0 ||| qw: Do Orc after D:15 true
     0 | D:1      | 0 ||| qw: Do second Lair branch before Depths: true
     0 | D:1      | 0 ||| qw: Lair rune preference: random
     0 | D:1      | 0 ||| qw: Plans: Normal
     0 | D:1      | 0 ||| PLANNING D:1-11
   135 | D:1      | 135 ||| FLEEEEING.
   147 | D:1      | Reached XP level 2. HP: 16/16 MP: 4/4
   157 | D:1      | Reached skill level 6 in Ranged Weapons
   710 | D:1      | 710 ||| UPGRADING to +2 cloak.
   715 | D:1      | 715 ||| READING scroll labelled DOELAO EC WUUM.
   716 | D:1      | 716 ||| READING scroll labelled YZANIA RAYGIEF.
   746 | D:1      | 746 ||| DROPPING scroll of butterflies.
   801 | D:2      | Reached XP level 3. HP: 20/20 MP: 5/5
   869 | D:2      | Reached skill level 7 in Ranged Weapons
  1161 | D:2      | Reached XP level 4. HP: 25/25 MP: 6/6
  1552 | D:2      | 1552 ||| UPGRADING to +0 scale mail.
  1562 | D:2      | 1562 ||| DROPPING +0 leather armour.
  1563 | D:2      | 1563 ||| DROPPING +6 ring of intelligence.
  1564 | D:2      | 1564 ||| READING 2 scrolls labelled LEIW CIELLA.
  1565 | D:2      | 1565 ||| DRINKING 2 fuming dark potions.
  1575 | D:2      | 1575 ||| DROPPING scroll of immolation.
  1576 | D:2      | 1576 ||| DROPPING potion of ambrosia.
  1609 | D:3      | Reached skill level 8 in Ranged Weapons
  1918 | D:3      | Reached XP level 5. HP: 29/29 MP: 7/7
  2569 | D:4      | Found a staircase to the Ecumenical Temple.
  2570 | D:4      | 2570 ||| PLANNING TEMPLE
  2570 | D:4      | 2570 ||| READING scroll labelled XUSIGH SIODUOL.
  2578 | Temple   | Entered the Ecumenical Temple
  2660 | Temple   | 2660 ||| PLANNING D:1-11
  2721 | D:4      | Found a hide-covered altar of Uskayaw.
  3047 | D:4      | 3047 ||| DROPPING ring of flight.
  3048 | D:4      | 3048 ||| READING 2 scrolls labelled DUNURO CUHI.
  3053 | D:4      | 3053 ||| READING scroll labelled KECSUY HAUCUPT.
  3054 | D:4      | 3054 ||| READING scroll labelled ANLIAT CAUQYN.
  3076 | D:5      | Entered Level 5 of the Dungeon
  3082 | D:5      | Reached skill level 9 in Ranged Weapons
  3083 | D:5      | 3083 ||| STAIRDANCE
  3112 | D:5      | Found a radiant altar of Vehumet.
  3178 | D:5      | Reached skill level 1 in Armour
  3323 | D:5      | Noticed a black bear
  3332 | D:5      | HP: 3/25 [black bear (7)]
  3333 | D:5      | 3333 ||| READING scroll of teleportation.
  3335 | D:5      | Killed a black bear
  3336 | D:5      | Reached XP level 6. HP: 4/36 MP: 8/8
  3527 | D:5      | 3527 ||| READING scroll of enchant weapon.
  3527 | D:5      | 3527 ||| ENCHANTING +1 shortbow.
  3584 | D:5      | HP: 9/36 [centaur/arrow (8)]
  3586 | D:5      | Shot with an arrow by a centaur

Levels and vault maps discovered:
D:1:      wheals_arrival_shading, layout_loops_ring, chequers_big_river,
          eino_curves_02
D:2:      layout_basic, st_stairs_1
D:3:      layout_loops_ring
D:4:      layout_loops_ring, kennysheep_mini
D:5:      layout_gridville, mainiacjoe_overflow_boulevard
Temple:   nicolae_temple_godzebo

Skill      XL: |  1  2  3  4  5 |
---------------+----------------+-----
Ranged Weapons | 6 7 8 9 |  9.3
Armour         | 1 |  1.0
Fighting       | 2 |  2.6
Dodging        | |  2.4
Stealth        | |  1.2

Action                     |  1- 3 |  4- 6 || total
---------------------------+-------+-------++-------
   Fire: Shortbow          |   114 |   176 ||   290
    Use: Scroll            |     2 |     7 ||     9
         Potion            |       |     1 ||     1
 Armour: Leather armour    |     8 |     1 ||     9
         Scale mail        |       |    70 ||    70
  Dodge: Dodged            |    13 |    69 ||    82

Table legend:
 A = Non-vault XP
 B = Vault XP
 C = Vault XP percentage of total XP
 D = Non-vault monster count
 E = Vault monster count
 F = Vault count percentage of total count
                 A         B        C        D         E       F
            +---------+---------+-------+---------+---------+-------
      Total |     513 |      10 |   1.9 |      80 |       3 |   3.6
            +---------+---------+-------+---------+---------+-------
        D:1 |      33 |       0 |   0.0 |      15 |       0 |   0.0
        D:2 |      96 |      10 |   9.4 |      27 |       3 |  10.0
        D:3 |     106 |       0 |   0.0 |      21 |       0 |   0.0
        D:4 |      28 |       0 |   0.0 |       9 |       0 |   0.0
        D:5 |     250 |       0 |   0.0 |       8 |       0 |   0.0
            +---------+---------+-------+---------+---------+-------
